TOP OF THE 1ST |
Washington DC Hot Sauce batting - Pitching for Logan Swans : RHP Carlos Abrante
|
Pitching: RHP Carlos Abrante
|
|
Batting: RHB Bill Tremblay
|
0-0: Called Strike 0-1: Called Strike 0-2: Strikes out swinging
|
Batting: LHB Eric Chávez
|
0-0: Ball 1-0: Called Strike 1-1: Foul Ball, location: 2F 1-2: Strikes out looking
|
Batting: SHB John Fullerton
|
0-0: Ball 1-0: Called Strike 1-1: Fly out, F6 (Popup, 6MD)
|
Top of the 1st over - 0 runs, 0 hits, 0 errors, 0 left on base; Washington DC 0 - Logan 0 |
BOTTOM OF THE 1ST |
Logan Swans batting - Pitching for Washington DC Hot Sauce : RHP Bryce Borrell
|
Pitching: RHP Bryce Borrell
|
|
Batting: RHB Sergio Mora
|
0-0: Called Strike 0-1: Swinging Strike 0-2: Foul Ball, location: 2F 0-2: Strikes out swinging
|
Batting: LHB Vicente Vega
|
0-0: DOUBLE (Line Drive, 7LM)
|
Batting: RHB Víctor Cuevas
|
0-0: Ground out 4-3 (Groundball, 34) Vicente Vega to third
|
Batting: LHB Bob Coztana
|
0-0: Ball 1-0: Ball 2-0: Ball 3-0: Called Strike 3-1: Called Strike 3-2: SINGLE (Groundball, 34D) Vicente Vega scores
|
Batting: RHB José Ayala
|
0-0: Called Strike Bob Coztana steals 2nd base 0-1: Foul Ball, location: 2F 0-2: Ball Balk! Bob Coztana to third 1-2: DOUBLE (Line Drive, 7LD) Bob Coztana scores
|
Batting: LHB Roger Faulkner
|
0-0: Called Strike 0-1: Ball 1-1: Ball 2-1: SINGLE (Flyball, 8LS) José Ayala to third Runner from 3rd tries for Home, SAFE, no throw
|
Batting: RHB Carlos Escobar
|
0-0: Ball 1-0: Ball 2-0: Ball 3-0: Base on Balls Roger Faulkner to second
|
Batting: RHB Natsume Sato
|
0-0: Ground out 5-3 (Groundball, 56)
|
Bottom of the 1st over - 3 runs, 4 hits, 0 errors, 2 left on base; Washington DC 0 - Logan 3 |
TOP OF THE 2ND |
Washington DC Hot Sauce batting - Pitching for Logan Swans : RHP Carlos Abrante
|
Batting: LHB Alonso Herrera
|
0-0: Called Strike 0-1: Foul Ball, location: 2F 0-2: DOUBLE (Line Drive, 89M)
|
Batting: RHB Alonso Rangel
|
0-0: Ball 1-0: Swinging Strike 1-1: Foul Ball, location: 2F 1-2: Foul Ball, location: 2F 1-2: Foul Ball, location: 2F 1-2: Foul Ball, location: 2F 1-2: Foul Ball, location: 2F 1-2: Ground out 3-1 (Groundball, 34) Alonso Herrera to third
|
Batting: RHB Rodney Walker
|
0-0: Ball 1-0: Foul Ball, location: 2F 1-1: Ball 2-1: Foul Ball, location: 2F 2-2: Strikes out looking
|
Batting: LHB Jim Hutchinson
|
0-0: Swinging Strike 0-1: Fly out, F6 (Line Drive, 6)
|
Top of the 2nd over - 0 runs, 1 hit, 0 errors, 1 left on base; Washington DC 0 - Logan 3 |
BOTTOM OF THE 2ND |
Logan Swans batting - Pitching for Washington DC Hot Sauce : RHP Bryce Borrell
|
Batting: RHB Jesús Farías
|
0-0: Called Strike 0-1: Ball 1-1: Ball 2-1: Foul Ball, location: 2F 2-2: SINGLE (Groundball, 34D)
|
Batting: RHB Sergio Mora
|
0-0: Ball 1-0: Called Strike 1-1: Fly out, F4 (Popup, 4)
|
Batting: LHB Vicente Vega
|
0-0: SINGLE (Line Drive, 7S) Jesús Farías to second Jesús Farías to third
|
Batting: RHB Víctor Cuevas
|
0-0: Fly out, F3 (Line Drive, 34)
|
Batting: LHB Bob Coztana
|
0-0: Ground out 4-3 (Groundball, 4)
|
Bottom of the 2nd over - 0 runs, 2 hits, 0 errors, 2 left on base; Washington DC 0 - Logan 3 |
TOP OF THE 3RD |
Washington DC Hot Sauce batting - Pitching for Logan Swans : RHP Carlos Abrante
|
Batting: RHB David Cox
|
0-0: Ball 1-0: Ball 2-0: Ball 3-0: Base on Balls
|
Batting: RHB Chris Harper
|
0-0: Fly out, F6 (Popup, 56)
|
Batting: RHB Bill Tremblay
|
0-0: Fly out, F5 (Popup, 5D)
|
Batting: LHB Eric Chávez
|
0-0: Ball 1-0: Swinging Strike 1-1: Foul Ball, location: 2F 1-2: Fly out, F7 (Line Drive, 7)
|
Top of the 3rd over - 0 runs, 0 hits, 0 errors, 1 left on base; Washington DC 0 - Logan 3 |
BOTTOM OF THE 3RD |
Logan Swans batting - Pitching for Washington DC Hot Sauce : RHP Bryce Borrell
|
Batting: RHB José Ayala
|
0-0: Ball 1-0: Ball 2-0: SINGLE (Line Drive, 6MD)
|
Batting: LHB Roger Faulkner
|
0-0: Called Strike 0-1: Called Strike 0-2: Foul Ball, location: 2F 0-2: Strikes out swinging
|
Batting: RHB Carlos Escobar
|
0-0: Called Strike 0-1: Fly out, F9 (Flyball, 9LS)
|
Batting: RHB Natsume Sato
|
0-0: SINGLE (Groundball, 56S) (infield hit) José Ayala to second
|
Batting: RHB Jesús Farías
|
0-0: Ball 1-0: Ball 2-0: Foul Ball, location: 2F 2-1: Called Strike 2-2: SINGLE (Flyball, 9LS) José Ayala to third Natsume Sato to second
|
Batting: RHB Sergio Mora
|
0-0: Ball 1-0: Ball 2-0: Reached on error, E3 (Groundball, 3) José Ayala scores Natsume Sato to third Jesús Farías to second
|
Batting: LHB Vicente Vega
|
0-0: Ball 1-0: Ground out U3 (Groundball, 34S)
|
Bottom of the 3rd over - 1 run, 3 hits, 1 error, 3 left on base; Washington DC 0 - Logan 4 |
TOP OF THE 4TH |
Washington DC Hot Sauce batting - Pitching for Logan Swans : RHP Carlos Abrante
|
Batting: SHB John Fullerton
|
0-0: DOUBLE (Flyball, 89D)
|
Batting: LHB Alonso Herrera
|
0-0: Called Strike 0-1: Ball 1-1: Ball 2-1: Ground out 5-3 (Groundball, 5S) John Fullerton to third
|
Batting: RHB Alonso Rangel
|
0-0: Called Strike 0-1: Foul Ball, location: 2F 0-2: Ball 1-2: Foul Ball, location: 2F 1-2: Strikes out swinging
|
Batting: RHB Rodney Walker
|
0-0: Ball 1-0: Swinging Strike 1-1: Foul Ball, location: 2F 1-2: Ball 2-2: Foul Ball, location: 2F 2-2: Strikes out swinging
|
Top of the 4th over - 0 runs, 1 hit, 0 errors, 1 left on base; Washington DC 0 - Logan 4 |
BOTTOM OF THE 4TH |
Logan Swans batting - Pitching for Washington DC Hot Sauce : RHP Bryce Borrell
|
Batting: RHB Víctor Cuevas
|
0-0: Ball 1-0: Ball 2-0: Called Strike 2-1: Fly out, F9 (Line Drive, 9D)
|
Batting: LHB Bob Coztana
|
0-0: Ball 1-0: Ball 2-0: Foul Ball, location: 2F 2-1: Called Strike 2-2: SINGLE (Groundball, 6MD)
|
Batting: RHB José Ayala
|
0-0: Ball 1-0: Called Strike 1-1: Ball 2-1: Fly out, F8 (Flyball, 8RD)
|
Batting: LHB Roger Faulkner
|
0-0: Ball 1-0: Called Strike Bob Coztana steals 2nd base 1-1: Ball 2-1: SINGLE (Groundball, 34D) Bob Coztana to third Runner from 3rd tries for Home, SAFE, throw made home
|
Batting: RHB Carlos Escobar
|
0-0: Ball 1-0: Ball 2-0: Called Strike 2-1: Called Strike 2-2: Ball 3-2: Foul Ball, location: 2F 3-2: SINGLE (Line Drive, 4D) Roger Faulkner to second Roger Faulkner to third
|
Pitching: RHP Phillip Adams
|
|
Batting: RHB Natsume Sato
|
0-0: Swinging Strike 0-1: Swinging Strike 0-2: Ball 1-2: Strikes out swinging
|
Bottom of the 4th over - 1 run, 3 hits, 0 errors, 2 left on base; Washington DC 0 - Logan 5 |
TOP OF THE 5TH |
Washington DC Hot Sauce batting - Pitching for Logan Swans : RHP Carlos Abrante
|
Batting: LHB Jim Hutchinson
|
0-0: Ball 1-0: Ball 2-0: Ground out 4-3 (Groundball, 4S)
|
Batting: RHB David Cox
|
0-0: Ball 1-0: Swinging Strike 1-1: SINGLE (Groundball, 56D)
|
Batting: RHB Chris Harper
|
0-0: Called Strike 0-1: Called Strike 0-2: SINGLE (Line Drive, 8LS) David Cox to second
|
Batting: RHB Bill Tremblay
|
0-0: Called Strike 0-1: Swinging Strike 0-2: Ball 1-2: Strikes out looking
|
Batting: LHB Eric Chávez
|
0-0: Swinging Strike 0-1: DOUBLE (Flyball, 89D) David Cox scores Chris Harper to third Runner from 3rd tries for Home, SAFE, throw made at trailing runner, OUT at third!
|
Top of the 5th over - 2 runs, 3 hits, 0 errors, 0 left on base; Washington DC 2 - Logan 5 |
BOTTOM OF THE 5TH |
Logan Swans batting - Pitching for Washington DC Hot Sauce : RHP Phillip Adams
|
Batting: RHB Jesús Farías
|
0-0: Bunt for hit - play at first, batter safe!
|
Batting: RHB Sergio Mora
|
0-0: Ball 1-0: Called Strike 1-1: Ball 2-1: 2-RUN HOME RUN (Flyball, 7LD), Distance : 353 ft
|
Batting: LHB Vicente Vega
|
0-0: Ball 1-0: Foul Ball, location: 2F 1-1: Swinging Strike 1-2: Ball 2-2: Strikes out swinging
|
Batting: RHB Víctor Cuevas
|
0-0: Called Strike 0-1: Foul Ball, location: 2F 0-2: Strikes out swinging
|
Batting: LHB Bob Coztana
|
0-0: Called Strike 0-1: Ball 1-1: Ball 2-1: Ball 3-1: Base on Balls
|
Batting: RHB José Ayala
|
0-0: Called Strike Bob Coztana steals 2nd base 0-1: Ball 1-1: Foul Ball, location: 2F 1-2: Ball 2-2: Foul Ball, location: 2F 2-2: Ball 3-2: DOUBLE (Line Drive, 7LM) Bob Coztana scores
|
Pitching: RHP Wilson Rivera
|
|
Batting: LHB Roger Faulkner
|
0-0: Foul Ball, location: 2F 0-1: Swinging Strike 0-2: SINGLE (Groundball, 34D) José Ayala to third Runner from 3rd tries for Home, SAFE, throw made home
|
Batting: RHB Carlos Escobar
|
0-0: Ball 1-0: Called Strike 1-1: SINGLE (Line Drive, 89S) Roger Faulkner to second Runner from 2nd tries for 3rd, SAFE, no throw
|
Batting: RHB Natsume Sato
|
0-0: Called Strike 0-1: SINGLE (Groundball, 6D) Roger Faulkner scores Carlos Escobar to second
|
Pitching: RHP Honorato Aguilar
|
|
Batting: RHB Jesús Farías
|
0-0: Ball 1-0: Called Strike 1-1: Fielders Choice at 2nd, 6-4 (Groundball, 6)
|
Bottom of the 5th over - 5 runs, 6 hits, 0 errors, 2 left on base; Washington DC 2 - Logan 10 |
TOP OF THE 6TH |
Washington DC Hot Sauce batting - Pitching for Logan Swans : RHP Carlos Abrante
|
Batting: SHB John Fullerton
|
0-0: Foul Ball, location: 2F 0-1: Foul Ball, location: 2F 0-2: Ball 1-2: Foul Ball, location: 2F 1-2: Ball 2-2: Fly out, F9 (Flyball, 89S)
|
Batting: LHB Alonso Herrera
|
0-0: SOLO HOME RUN (Flyball, 9LD), Distance : 372 ft
|
Batting: RHB Alonso Rangel
|
0-0: Called Strike 0-1: Ball 1-1: Foul Ball, location: 2F 1-2: Strikes out swinging
|
Batting: RHB Rodney Walker
|
0-0: Fly out, F7 (Flyball, 78S)
|
Top of the 6th over - 1 run, 1 hit, 0 errors, 0 left on base; Washington DC 3 - Logan 10 |
BOTTOM OF THE 6TH |
Logan Swans batting - Pitching for Washington DC Hot Sauce : RHP Honorato Aguilar
|
Batting: RHB Sergio Mora
|
0-0: Foul Ball, location: 2F 0-1: Ball 1-1: Fly out, F8 (Flyball, 8RD)
|
Batting: LHB Vicente Vega
|
0-0: Ball 1-0: Ball 2-0: Foul Ball, location: 2F 2-1: Foul Ball, location: 2F 2-2: Ball 3-2: SINGLE (Flyball, 78S)
|
Batting: RHB Víctor Cuevas
|
0-0: Ball 1-0: Called Strike 1-1: Foul Ball, location: 2F 1-2: Strikes out swinging
|
Batting: LHB Bob Coztana
|
0-0: Ball 1-0: Ground out 4-3 (Groundball, 4)
|
Bottom of the 6th over - 0 runs, 1 hit, 0 errors, 1 left on base; Washington DC 3 - Logan 10 |
TOP OF THE 7TH |
Washington DC Hot Sauce batting - Pitching for Logan Swans : RHP Carlos Abrante
|
Batting: LHB Jim Hutchinson
|
0-0: Ball 1-0: Ball 2-0: Swinging Strike 2-1: Ball 3-1: Foul Ball, location: 2F 3-2: Strikes out swinging
|
Batting: RHB David Cox
|
0-0: SINGLE (Flyball, 8LS)
|
Batting: RHB Chris Harper
|
0-0: Called Strike 0-1: Ball 1-1: Hit by Pitch David Cox to second
|
Batting: RHB Bill Tremblay
|
0-0: Ball 1-0: Called Strike 1-1: Swinging Strike 1-2: Strikes out looking
|
Batting: LHB Eric Chávez
|
0-0: Foul Ball, location: 2F 0-1: Ball 1-1: Ground out U3 (Groundball, 34)
|
Top of the 7th over - 0 runs, 1 hit, 0 errors, 2 left on base; Washington DC 3 - Logan 10 |
BOTTOM OF THE 7TH |
Logan Swans batting - Pitching for Washington DC Hot Sauce : RHP Honorato Aguilar
|
Batting: RHB José Ayala
|
0-0: Ball 1-0: Ball 2-0: Ball 3-0: Called Strike 3-1: Called Strike 3-2: Ground out 5-3 (Groundball, 5S)
|
Batting: LHB Roger Faulkner
|
0-0: Called Strike 0-1: Swinging Strike 0-2: Ball 1-2: Foul Ball, location: 2F 1-2: Foul Ball, location: 2F 1-2: Ball 2-2: Ball 3-2: Base on Balls
|
Batting: RHB Carlos Escobar
|
0-0: Called Strike 0-1: Foul Ball, location: 2F 0-2: Strikes out looking
|
Batting: RHB Natsume Sato
|
0-0: Called Strike 0-1: Foul Ball, location: 2F 0-2: Fly out, F9 (Flyball, 89D)
|
Bottom of the 7th over - 0 runs, 0 hits, 0 errors, 1 left on base; Washington DC 3 - Logan 10 |
TOP OF THE 8TH |
Washington DC Hot Sauce batting - Pitching for Logan Swans : RHP Carlos Abrante
|
Now in LF: Ricardo Manegdeg
|
|
Batting: SHB John Fullerton
|
0-0: Ball 1-0: Ball 2-0: Ball 3-0: Called Strike 3-1: Base on Balls
|
Batting: LHB Alonso Herrera
|
0-0: Ball 1-0: DOUBLE (Line Drive, 89M) John Fullerton to third
|
Batting: RHB Alonso Rangel
|
0-0: Called Strike 0-1: Called Strike 0-2: Fly out, F4 (Line Drive, 4M)
|
Pitching: RHP Kenneth Garner
|
|
Batting: RHB Rodney Walker
|
0-0: Fly out, F7 (Flyball, 7S)
|
Batting: LHB Jim Hutchinson
|
0-0: SINGLE (Line Drive, 6MD) John Fullerton scores Alonso Herrera to third Runner from 3rd tries for Home, SAFE, no throw
|
Batting: RHB David Cox
|
0-0: Ball 1-0: Swinging Strike 1-1: 2-RUN HOME RUN (Flyball, 7D), Distance : 409 ft
|
Pitching: RHP Gerardo Durango
|
|
Batting: RHB Chris Harper
|
0-0: Called Strike 0-1: Ball 1-1: Ground out 1-3 (Groundball, 13S)
|
Top of the 8th over - 4 runs, 3 hits, 0 errors, 0 left on base; Washington DC 7 - Logan 10 |
BOTTOM OF THE 8TH |
Logan Swans batting - Pitching for Washington DC Hot Sauce : RHP Honorato Aguilar
|
Batting: RHB Jesús Farías
|
0-0: Swinging Strike 0-1: Ball 1-1: Called Strike 1-2: Ball 2-2: Ball 3-2: Foul Ball, location: 2F 3-2: Base on Balls
|
Batting: RHB Sergio Mora
|
0-0: Called Strike 0-1: Bunted foul 0-2: Ball Wild Pitch! Jesús Farías to second 1-2: Ground out 6-3 (Groundball, 6) Jesús Farías to third
|
Batting: LHB Vicente Vega
|
0-0: Intentional Walk
|
Batting: RHB Víctor Cuevas
|
0-0: Foul Ball, location: 2F 0-1: Fly out, F7 (Flyball, 78S)
|
Batting: LHB Bob Coztana
|
0-0: Ball 1-0: Swinging Strike 1-1: SINGLE (Line Drive, 4) Jesús Farías scores Vicente Vega to second Runner from 2nd tries for 3rd, SAFE, no throw
|
Batting: RHB Ricardo Manegdeg
|
0-0: Foul Ball, location: 2F 0-1: Ball 1-1: Ground out 5-3 (Groundball, 56S)
|
Bottom of the 8th over - 1 run, 1 hit, 0 errors, 2 left on base; Washington DC 7 - Logan 11 |
TOP OF THE 9TH |
Washington DC Hot Sauce batting - Pitching for Logan Swans : RHP Gerardo Durango
|
Batting: RHB Bill Tremblay
|
0-0: Fly out, F9 (Line Drive, 9D)
|
Batting: LHB Eric Chávez
|
0-0: Called Strike 0-1: Ball 1-1: Ball 2-1: Called Strike 2-2: SINGLE (Groundball, 56D)
|
Batting: SHB John Fullerton
|
0-0: Fly out, F9 (Flyball, 9D)
|
Batting: LHB Alonso Herrera
|
0-0: Ground out 4-3 (Groundball, 4)
|
Top of the 9th over - 0 runs, 1 hit, 0 errors, 1 left on base; Washington DC 7 - Logan 11 |
|